 Dungeon Crawl Stone Soup version 0.28-a0-1594-ga885d4b3d6 (webtiles) character file.

Game seed: 13598845277266980314

21 epen the Insei (level 2, 0/18 HPs)
             Began as an Octopode Transmuter on Jan 20, 2022.
             Succumbed to a kobold's poison
             ... on level 1 of the Dungeon.
             The game lasted 00:03:16 (512 turns).

epen the Insei (Octopode Transmuter)                 Turns: 512, Time: 00:03:17

Health: 0/18       AC:  1    Str: 15    XL:     2   Next: 87%
Magic:  5/5        EV: 13    Int: 15    God:
Gold:   10         SH:  0    Dex: 12    Spells: 2/5 levels left

rFire   . . .      SeeInvis .     - Unarmed
rCold   . . .      Faith    .   (no shield)
rNeg    . . .      Spirit   .   (helmet restricted)
rPois   .          Reflect  .   (no amulet)
rElec   .          Harm     .   b - +6 ring of strength
rCorr   .          Rampage  .   (no ring)
Will    .....                   (no ring)
Stlth   +++.......              (no ring)
HPRegen 0.06/turn               (no ring)
MPRegen 0.09/turn               (no ring)
                                (no ring)
                                (no ring)

@: lethally poisoned (0 -> -3)
A: almost no armour, amphibious, 8 rings, camouflage 1, gelatinous body 1,
(nimble swimmer 1), tentacles
a: no special abilities


You were on level 1 of the Dungeon.
You visited 1 branch of the dungeon, and saw 1 of its levels.

You collected 10 gold pieces.

Inventory:

Missiles
 d - a throwing net
Jewellery
 b - a +6 ring of strength (left tentacle)
Scrolls
 a - a scroll of amnesia {unknown}
 c - a scroll of immolation {unknown}


   Skills:
 + Level 1.0 Fighting
 + Level 2.1 Dodging
 + Level 1.1 Stealth
 + Level 3.6 Unarmed Combat
 + Level 2.1 Spellcasting
 + Level 2.0 Transmutations


You had 2 spell levels left.
You knew the following spells:

 Your Spells              Type           Power      Damage    Failure   Level
a - Beastly Appendage     Tmut           14%        N/A       10%         1
b - Wereblood             Tmut           7%         N/A       14%         2

Your spell library contained the following spells:

 Spells                   Type           Power      Damage    Failure   Level
 Spider Form              Tmut/Pois      4%         N/A       41%         3
 Ice Form                 Ice/Tmut       4%         N/A       82%         4


Dungeon Overview and Level Annotations

Branches:
Dungeon (1/15)

Altars:

Shops:
D:1 [


Innate Abilities, Weirdness & Mutations

You cannot wear most types of armour.
You are amphibious.
You can wear up to eight rings at the same time.
Your skin changes colour to match your surroundings (Stealth+).
Your rubbery body absorbs attacks. (AC +1, EV +1)
((You are camouflaged when in or above water. (Stealth+)))
You have tentacles for arms and can constrict up to eight enemies at once.


Message History

You tentacle-slap the dart slug.
The dart slug is severely wounded.
You constrict the dart slug.
You kill the dart slug!
No target in view!
Items here: ( ) ††.
A kobold comes into view.
It is wielding a +2 short sword of venom.
A hobgoblin comes into view.
The hobgoblin shouts!
A kobold comes into view. It is wielding a +0 short sword.
The hobgoblin misses you.
The kobold shouts! x2
You tentacle-slap the hobgoblin. You grab the hobgoblin.
You squeeze the hobgoblin.
The hobgoblin is almost dead.
You constrict the hobgoblin.
You kill the hobgoblin!
The kobold throws a stone.
The stone closely misses you.
The kobold throws a stone.
The stone misses you.
The kobold throws a stone.
The stone hits you.
The kobold hits you with a +2 short sword of venom.
You are poisoned.
You tentacle-slap the kobold. You grab the kobold.
The kobold is severely wounded.
You constrict the kobold.
You kill the kobold!
You feel very sick.
The kobold throws a stone.
The stone closely misses you.
You are too injured to fight recklessly!
You are too injured to fight recklessly!
You feel sick.
Found Ynew's Armour Shop.
You feel sick.
The kobold hits you with a +0 short sword.
* * * LOW HITPOINT WARNING * * *
You tentacle-slap the kobold but do no damage.
Your grab misses the kobold.
* * * LOW HITPOINT WARNING * * *
You feel sick.
You barely miss the kobold. You grab the kobold. You constrict the kobold.
You die...

############
###########........... ..
###........##.......###. ..
8.8........##.......#... ...
.⌠..................#.## ...
∩.8...K@....#.......#.## ....
.⌠.⌠.......)..#########.## ....#
8.8.8.................#.##
##...##..#..###.###.....# #.†...
........................# ###.##
..$..... . ..........(.######.#.
####...######...######..(......#.
...#...#....#...#....#...#####...
÷..#..)#..>.#...#..÷.#.)####...##


You could see a kobold.

Vanquished Creatures
  A dart slug (D:1)
  3 endoplasms (D:1)
  3 giant cockroaches (D:1)
  A goblin (D:1)
  2 hobgoblins (D:1)
  A quokka (D:1)
  A ball python (D:1)
  A bat (D:1)
  3 kobolds (D:1)
  2 rats (D:1)
18 creatures vanquished.

Notes
Turn   | Place    | Note
-------+----------+-------------------------------------------
     0 | D:1      | epen the Octopode Transmuter began the quest for the Orb.
     0 | D:1      | Reached XP level 1. HP: 13/13 MP: 3/3
   188 | D:1      | Reached skill level 1 in Stealth
   208 | D:1      | Reached XP level 2. HP: 8/18 MP: 3/5
   215 | D:1      | Learned a level 2 spell: Wereblood
   510 | D:1      | Found Ynew's Armour Shop.
   512 | D:1      | Succumbed to a kobold's poison

Illustrated notes

Levels and vault maps discovered:
D:1:      arrival_zaba_pyramid, layout_rooms, serial_shops,
          nicolae_shop_temple_entry_statues_fountains, minmay_split_cup_large

Skill      XL: |  1 |
---------------+----+-----
Stealth        | 1 |  1.1
Fighting       | |  1.0
Dodging        | |  2.1
Unarmed Combat | |  3.6
Spellcasting   | |  2.1
Transmutations | |  2.0

Action                   || total
-------------------------++-------
Melee: Unarmed           ||    29
       Constrict         ||    11
       Tentacles         ||     4
       Kick              ||     3
 Cast: Beastly Appendage ||     1
 Stab: Sleeping          ||     4
Armor: Skin              ||     3
Dodge: Dodged            ||    17

Table legend: (Time is in decaauts)
 A = Elapsed time spent in this place.
 B = Non-inter-level travel time spent in this place.
 C = Inter-level travel time spent in this place.
 D = Time resting spent in this place.
 E = Time spent auto-exploring this place.
 F = Levels seen in this place.
 G = Mean time per level.
                   A        B        C        D        E       F      G
               +--------+--------+--------+--------+--------+-----+--------+
         Total |    510 |    505 |      5 |    136 |     58 |   1 |  510.0 |
       Dungeon |    510 |    505 |      5 |    136 |     58 |   1 |  510.0 |
               +--------+--------+--------+--------+--------+-----+--------+

Top non-repeatable levels by time:
     D:1: 510 daAuts
